Map: Cyber Forest LE

Players

ITSECURE - Winner!

  • Race: Terran Terran
  • League: Diamond
  • Spawn Location: 5:00

PeLLy

  • Race: Zerg Zerg
  • League: Diamond
  • Spawn Location: 11:00

VOD

Have the link to the VOD?

Description

Time

  • Played on: Aug. 17, 2019, 4:32 p.m.
  • Length: 51:27
Show
View Real Time Build Order
Export as new Build Order

ITSECURE Terran - Winner!

Build Orders:  

Get SALT Encoding   

  12  0:00  SCV  
  13  0:13  SCV  
  14  0:18  Supply Depot  
  14  0:41  Barracks  
  14  0:48  Barracks  
  14  0:52  SCV  
  15  1:04  SCV  
  16  1:13  Barracks  
  16  1:16  SCV  
  17  1:24  Supply Depot  
  17  1:28  Marine  
  18  1:35  Bunker  
  18  1:38  Marine  
  19  1:51  Marine  
  19  1:56  Marine  
  20  2:09  Marine  
  20  2:14  Marine  
  22  2:27  Marine  
  22  2:28  Marine  
  24  2:30  SCV  
  24  2:31  Refinery  
  24  2:32  Marine  
  26  2:42  SCV  
  27  2:45  Marine  
  27  2:46  Marine  
  29  3:03  Marine  
  30  3:19  Orbital Command  
  30  3:21  Marine  
  31  3:32  Supply Depot  
  31  3:47  Bunker  
  31  3:51  Command Center  
  31  3:56  Factory  
  31  3:58  Refinery, SCV  
  31  4:00  Marine  
  33  4:31  SCV  
  34  4:42  Starport, Factory Tech Lab  
  34  4:44  SCV  
  35  4:47  Engineering Bay  
  35  5:08  Siege Tank  
  35  5:09  Marine  
  39  5:16  Orbital Command  
  31  5:40  Siege Tank  
  31  5:41  Supply Depot  
  32  5:49  Bunker  
  32  5:50  Marine  
  32  5:53  SCV  
  32  5:56  Refinery  
  34  5:58  SCV  
  34  6:00  Viking  
  37  6:05  SCV  
  37  6:08  Sensor Tower  
  38  6:11  Marine  
  39  6:23  Command Center  
  39  6:31  SCV  
  40  6:43  SCV  
  43  6:51  Starport, Starport Tech Lab  
  41  6:55  SCV, Missile Turret  
  42  7:04  Widow Mine  
  42  7:06  Marine  
  45  7:17  Supply Depot  
  45  7:23  Marine  
  45  7:26  Widow Mine  
  48  7:32  Cloaking Field  
  48  7:35  Starport Tech Lab  
  48  7:37  Banshee  
  48  7:39  Orbital Command  
  48  7:40  Supply Depot  
  48  7:43  SCV  
  52  7:45  Refinery  
  52  7:55  SCV  
  53  8:01  Marine  
  54  8:07  Command Center  
  55  8:18  Banshee, Marine  
  58  8:25  Banshee  
  61  8:29  SCV  
  62  8:49  Bunker  
  62  8:59  SCV  
  63  9:11  SCV  
  64  9:22  Missile Turret  
  64  9:36  Orbital Command  
  64  9:42  Missile Turret  
  64  9:43  Marine  
  64  9:44  Bunker  
  59  10:01  Marine  
  60  10:13  Liberator x2  
  60  10:19  Marine  
  61  10:28  SCV  
  68  10:37  Marine  
  68  10:40  SCV  
  70  10:43  SCV  
  70  10:46  Siege Tank  
  74  10:54  Orbital Command, Marine  
  74  10:55  SCV  
  73  11:12  Marine  
  68  11:23  Neosteel Armor  
  68  11:25  Armory, Supply Depot  
  68  11:29  Raven x2  
  68  11:30  Marine  
  68  11:31  Fusion Core  
  73  11:37  SCV  
  74  11:40  Refinery  
  74  11:43  Missile Turret  
  74  11:48  Marine  
  74  11:49  SCV  
  76  12:01  SCV  
  77  12:06  Marine  
  78  12:22  Battlecruiser x2  
  90  12:24  Weapon Refit, Marine  
  90  12:25  Terran Vehicle And Ship Armor Level 1  
  90  12:26  Supply Depot  
  91  12:31  Missile Turret  
  91  12:35  SCV  
  92  12:41  Marine  
  93  12:47  SCV  
  92  12:59  SCV  
  92  13:02  Supply Depot  
  93  13:11  Missile Turret, SCV  
  93  13:12  Missile Turret  
  94  13:16  Starport, Widow Mine  
  94  13:17  Drilling Claws  
  96  13:26  Missile Turret  
  96  13:28  Battlecruiser  
  96  13:29  Battlecruiser  
  108  13:37  Widow Mine  
  105  13:47  Bunker, Marine  
  106  13:51  Supply Depot  
  106  13:57  Starport Tech Lab  
  106  13:58  Widow Mine  
  106  13:59  Marine  
  106  14:00  Supply Depot  
  109  14:04  Starport  
  109  14:05  Hi-Sec Auto Tracking, Marine  
  109  14:06  Supply Depot  
  110  14:10  Missile Turret  
  110  14:12  Missile Turret  
  110  14:17  Marine  
  110  14:22  Marine  
  102  14:35  Marine  
  99  14:40  Marine  
  100  14:46  Missile Turret  
  100  14:51  Widow Mine  
  102  14:53  Supply Depot, Marine  
  102  14:56  Battlecruiser  
  102  14:57  Battlecruiser  
  102  14:58  Battlecruiser, Marine  
  122  15:11  Marine  
  122  15:13  Widow Mine  
  125  15:31  Supply Depot  
  125  15:34  Widow Mine  
  127  15:36  Missile Turret  
  127  15:41  Refinery, SCV  
  127  15:42  Missile Turret  
  128  15:53  SCV  
  128  15:55  Widow Mine  
  131  15:59  Terran Ship Weapons Level 1  
  131  16:02  Battlecruiser x2  
  143  16:06  SCV  
  144  16:17  Widow Mine  
  144  16:18  SCV  
  147  16:24  Supply Depot  
  147  16:30  Terran Infantry Weapons Level 1, Armory, SCV  
  147  16:31  Supply Depot  
  147  16:32  Starport Tech Lab, Supply Depot  
  148  17:27  Sensor Tower  
  139  18:07  Battlecruiser  
  139  18:08  Battlecruiser x2  
  156  19:27  Terran Vehicle And Ship Armor Level 2  
  156  19:29  Terran Ship Weapons Level 2  
  156  19:49  Command Center  
  156  20:39  Missile Turret  
  145  21:31  Marine  
  146  21:33  Bunker  
  146  21:44  Missile Turret  
  146  21:49  Marine  
  146  21:53  Terran Ship Weapons Level 3  
  147  21:54  Terran Vehicle And Ship Armor Level 3  
  147  22:07  Marine  
  148  22:44  Battlecruiser  
  148  23:37  Marine  
  149  23:53  Missile Turret  
  149  23:55  Marine  
  150  23:56  Missile Turret  
  151  24:17  Missile Turret  
  149  24:38  Barracks  
  149  25:06  Viking x2  
  153  25:07  Viking x2  
  157  25:37  Terran Vehicle Weapons Level 1  
  157  25:39  Viking x3  
  163  27:12  Marine  
  164  28:23  Viking x3  
  170  28:38  Refinery  
  170  29:14  Planetary Fortress  
  168  30:22  Missile Turret  
  168  30:33  Refinery  
  168  30:37  SCV  
  169  30:49  SCV  
  170  30:57  Viking x3  
  170  30:58  Viking  
  170  31:01  SCV  
  156  31:56  SCV  
  157  32:08  SCV  
  158  32:20  SCV  
  159  32:29  Missile Turret x2  
  159  32:36  Missile Turret  
  159  32:39  Missile Turret  
  159  32:49  Missile Turret  
  159  32:50  Missile Turret  
  159  32:58  Viking  
  159  32:59  Viking x3  
  167  33:11  Terran Infantry Weapons Level 2  
  167  33:12  Terran Vehicle Weapons Level 2  
  169  33:27  Widow Mine  
  169  33:33  Missile Turret  
  171  33:48  Widow Mine  
  171  33:59  Missile Turret  
  171  34:01  Missile Turret  
  173  34:10  Widow Mine  
  173  34:12  Marine  
  174  34:18  Barracks  
  174  34:30  Marine  
  177  34:31  Widow Mine  
  179  34:53  Widow Mine  
  179  35:08  Command Center  
  160  35:48  Command Center, Marine  
  161  36:06  Marine  
  162  36:23  Marine  
  162  36:24  Terran Vehicle Weapons Level 3  
  162  36:25  Battlecruiser  
  169  36:40  Marine  
  169  36:41  Marine  
  171  36:49  Barracks  
  171  36:58  Marine  
  171  36:59  Marine  
  173  37:07  Refinery, SCV  
  174  37:16  Marine  
  175  37:25  Orbital Command  
  175  37:34  Marine  
  176  37:40  SCV  
  177  37:52  Marine  
  177  37:58  Planetary Fortress  
  178  38:02  Missile Turret x2  
  178  38:21  Marine  
  178  38:24  Marine  
  180  38:28  Terran Infantry Weapons Level 3  
  180  38:33  Supply Depot  
  180  38:40  SCV  
  181  38:41  Marine  
  182  38:59  Marine  
  183  39:12  SCV  
  183  39:13  Refinery  
  184  39:17  Marine  
  184  39:21  Missile Turret  
  184  39:24  Missile Turret x2  
  184  39:35  Marine  
  179  39:57  Viking x3  
  179  39:58  Viking  
  183  40:10  SCV  
  161  41:42  Missile Turret  
  161  42:01  Missile Turret  
  159  42:12  Supply Depot  
  158  42:46  Missile Turret  
  158  42:50  Missile Turret  
  158  43:17  Missile Turret  
  158  43:39  Missile Turret  
  158  43:47  Missile Turret  
  158  43:48  Supply Depot  
  158  44:06  Supply Depot  
  158  44:07  Supply Depot  
  158  44:12  Supply Depot  
  158  44:16  Terran Infantry Armor Level 1  
  158  44:21  Barracks Tech Lab  
  158  44:25  Supply Depot  
  158  44:29  Supply Depot  
  158  44:35  Supply Depot  
  158  44:46  Marine x2  
  158  44:47  SCV x2, Widow Mine  
  164  44:55  Command Center  
  164  44:59  SCV x2  
  166  45:18  Supply Depot  
  166  45:24  Supply Depot  
  166  45:25  Combat Shield, Supply Depot  
  166  45:38  Marine  
  166  45:39  Marine  
  166  45:40  SCV, Widow Mine  
  168  45:56  Marine  
  168  45:57  Marine  
  169  46:02  Widow Mine  
  172  46:06  Planetary Fortress, Missile Turret  
  172  46:13  Marine  
  172  46:14  Marine  
  174  46:23  Widow Mine  
  174  46:25  Supply Depot  
  176  46:26  SCV  
  176  46:28  Marine  
  176  46:29  Supply Depot  
  176  46:31  Marine  
  176  46:32  Marine  
  179  46:38  SCV  
  181  46:44  Widow Mine, Stimpack  
  181  46:46  Marine  
  184  46:49  Missile Turret, Marine  
  184  46:50  Marine  
  184  46:51  SCV  
  187  47:04  Marine  
  187  47:07  Marine  
  187  47:08  Marine  
  190  47:11  SCV  
  191  47:22  Marine  
  192  47:24  Command Center  
  192  47:25  Marine  
  192  47:26  Marine  
  194  47:39  Marine  
  194  47:42  Marine  
  196  48:17  Terran Infantry Armor Level 2  
  196  48:21  Supply Depot x2  
  174  48:50  Planetary Fortress, Missile Turret  
  174  49:01  Missile Turret  
  174  49:02  Missile Turret  
  168  49:28  Missile Turret  
  168  49:31  Missile Turret  
  168  49:32  Missile Turret  
  168  49:54  Refinery  
  168  49:55  Refinery  
Show
View Real Time Build Order
Export as new Build Order

PeLLy Zerg 

Build Orders: Hatch First, Swarm Host 

Get SALT Encoding   

  12  0:00  Drone  
  13  0:15  Overlord  
  13  0:20  Drone  
  14  0:33  Drone  
  14  0:34  Drone  
  16  0:38  Drone  
  17  0:54  Hatchery  
  16  0:58  Drone  
  17  1:12  Spawning Pool  
  17  1:15  Drone  
  17  1:19  Extractor  
  16  2:00  Zergling x6  
  19  2:05  Queen  
  21  2:10  Zergling x2  
  21  2:12  Zergling x2  
  23  2:24  Spine Crawler  
  23  2:26  Spine Crawler  
  18  2:30  Zergling x2  
  18  2:31  Zergling x2  
  18  2:36  Drone  
  20  2:38  Roach Warren  
  20  2:39  Zergling x2  
  19  2:54  Drone x2, Extractor  
  19  3:00  Drone  
  20  3:20  Overlord  
  20  3:25  Overlord  
  20  3:30  Lair  
  20  3:46  Roach x2  
  20  3:47  Roach  
  26  3:58  Drone x2  
  26  4:00  Drone  
  29  4:08  Ravager x2  
  31  4:17  Ravager  
  32  4:42  Roach x2  
  36  5:05  Ravager  
  31  5:46  Drone  
  31  5:47  Drone x2  
  34  5:50  Hatchery  
  33  6:10  Nydus Network  
  32  6:20  Extractor x2  
  30  6:34  Drone x4  
  30  6:35  Drone  
  36  6:40  Drone  
  36  6:49  Hatchery  
  35  7:02  Drone x3  
  35  7:03  Overlord  
  35  7:05  Overlord  
  38  7:14  Queen  
  40  7:20  Drone x2  
  42  7:26  Queen  
  44  7:34  Infestation Pit  
  43  7:39  Drone x6  
  49  7:48  Glial Reconstitution  
  49  7:50  Hydralisk Den  
  48  8:02  Queen  
  48  8:03  Drone x7  
  57  8:27  Drone  
  58  8:28  Overlord x4  
  58  8:32  Extractor  
  58  8:33  Extractor  
  56  8:56  Swarm Host x7  
  56  8:59  Swarm Host  
  80  9:17  Drone x7  
  87  9:26  Overlord  
  87  9:28  Nydus Canal  
  87  9:34  Swarm Host  
  90  9:42  Overlord x2  
  90  10:00  Roach x6  
  90  10:06  Spore Crawler  
  101  10:10  Spore Crawler  
  101  10:12  Spore Crawler x2  
  95  10:15  Overseer  
  83  10:33  Hydralisk x3  
  88  10:35  Overseer  
  88  10:39  Queen  
  90  11:02  Zergling x20  
  98  11:31  Hatchery  
  97  11:36  Nydus Canal  
  97  11:38  Hatchery  
  96  11:46  Hydralisk  
  96  11:47  Hydralisk x2  
  102  12:10  Hydralisk x3  
  108  12:15  Overlord  
  108  12:16  Overlord x2  
  108  12:58  Drone x14  
  122  13:20  Swarm Host x6  
  134  14:32  Drone x5  
  134  14:33  Drone x5  
  134  14:34  Overlord x4  
  134  14:35  Overlord x3  
  144  14:40  Grooved Spines  
  144  14:58  Spire  
  143  15:01  Hive  
  140  15:08  Baneling Nest  
  140  15:09  Evolution Chamber  
  140  15:11  Evolution Chamber  
  128  15:15  Hydralisk x15  
  158  15:24  Baneling Nest  
  158  15:26  Spore Crawler  
  158  15:27  Spore Crawler  
  156  15:30  Spore Crawler, Queen  
  156  15:31  Spore Crawler  
  156  15:52  Muscular Augments  
  156  15:58  Extractor  
  156  16:02  Extractor, Spore Crawler  
  153  16:09  Zergling x2  
  153  16:10  Corruptor, Zergling x4  
  158  16:25  Zerg Flyer Armor Level 1  
  158  16:37  Overlord x2  
  158  16:38  Overlord  
  158  16:47  Nydus Canal  
  158  16:54  Corruptor x8  
  158  16:55  Corruptor x2  
  178  17:02  Nydus Canal  
  178  17:14  Spire  
  177  17:41  Corruptor x7  
  191  17:49  Corruptor  
  173  18:08  Corruptor x4  
  179  18:44  Greater Spire  
  179  18:45  Zerg Flyer Armor Level 2  
  179  18:49  Queen  
  179  18:50  Queen x3  
  179  18:51  Hydralisk  
  179  18:52  Hydralisk  
  191  18:59  Nydus Canal  
  191  19:14  Nydus Canal  
  191  19:21  Corruptor x4  
  199  19:29  Nydus Canal  
  199  19:46  Zergling x2  
  192  20:37  Hatchery  
  188  20:43  Overlord x2  
  164  20:57  Corruptor x12  
  164  21:01  Zerg Flyer Weapons Level 1  
  182  21:08  Zerg Flyer Armor Level 3  
  182  21:13  Corruptor  
  180  21:31  Brood Lord x3  
  186  21:53  Nydus Canal  
  186  21:55  Extractor  
  186  21:56  Hatchery  
  186  21:57  Extractor  
  171  22:08  Overlord  
  171  22:11  Spore Crawler  
  171  22:12  Spore Crawler  
  164  22:35  Brood Lord x5  
  164  22:36  Brood Lord  
  172  22:54  Overseer  
  170  23:04  Zerg Flyer Weapons Level 2  
  170  23:18  Brood Lord  
  170  23:19  Brood Lord  
  164  23:38  Corruptor  
  164  23:39  Corruptor x3  
  172  24:07  Brood Lord  
  170  24:22  Viper x6  
  160  24:41  Brood Lord  
  160  24:42  Brood Lord  
  164  24:51  Baneling  
  164  24:52  Baneling x5  
  156  25:11  Brood Lord  
  156  25:12  Brood Lord  
  158  25:34  Overseer x4  
  158  26:01  Hatchery  
  157  26:13  Drone x3  
  157  26:14  Drone x3  
  157  26:17  Drone  
  164  26:47  Overlord x4  
  164  27:23  Corruptor x8  
  180  27:33  Brood Lord x2  
  184  28:00  Hatchery  
  181  28:08  Drone x8  
  181  28:10  Hatchery  
  188  28:16  Zerg Flyer Weapons Level 3  
  180  28:54  Extractor  
  167  28:57  Extractor  
  166  29:05  Corruptor x5  
  166  29:06  Corruptor x4  
  166  29:45  Corruptor x2  
  166  29:46  Corruptor x5  
  182  29:53  Brood Lord  
  172  30:26  Zergling x2  
  172  30:27  Zergling x16  
  177  30:32  Brood Lord  
  177  30:35  Brood Lord  
  181  30:37  Brood Lord  
  180  31:09  Brood Lord  
  147  31:44  Baneling x5  
  147  31:45  Baneling x12  
  116  32:19  Zergling x2  
  116  32:20  Zergling x16  
  116  32:35  Spore Crawler  
  116  32:36  Spore Crawler  
  114  32:37  Spore Crawler x2  
  114  32:38  Spore Crawler  
  114  32:39  Spore Crawler  
  114  32:41  Extractor  
  114  32:42  Extractor  
  108  32:51  Hatchery  
  107  32:56  Hatchery  
  106  33:17  Extractor  
  106  33:18  Zerg Missile Weapons Level 1  
  106  33:19  Extractor, Zerg Melee Weapons Level 1  
  104  33:20  Extractor  
  104  33:25  Extractor  
  102  33:41  Drone  
  102  33:42  Drone x14  
  117  33:56  Extractor  
  117  33:58  Extractor  
  115  34:14  Extractor  
  115  34:15  Extractor  
  113  35:08  Drone x12  
  113  35:10  Hatchery  
  112  36:27  Hatchery  
  112  36:30  Spore Crawler  
  112  36:31  Spore Crawler  
  112  36:32  Spore Crawler x3  
  108  36:33  Spore Crawler  
  108  36:34  Spore Crawler, Drone x14  
  108  36:35  Spore Crawler  
  108  36:37  Drone  
  108  36:38  Drone x8  
  126  36:49  Spore Crawler  
  126  36:50  Spore Crawler  
  126  36:53  Spore Crawler x2  
  122  36:54  Spore Crawler  
  122  36:55  Brood Lord  
  122  36:58  Brood Lord x9  
  122  36:59  Brood Lord  
  143  37:07  Spore Crawler  
  142  37:13  Extractor  
  141  37:16  Zergling x6  
  141  37:17  Zergling x4  
  146  37:28  Spore Crawler x2  
  143  38:12  Drone x3  
  146  38:13  Drone  
  146  38:14  Drone x12  
  159  38:32  Corruptor x4  
  167  39:03  Corruptor  
  167  39:04  Corruptor x5  
  175  39:35  Corruptor x4  
  179  40:04  Corruptor x3  
  137  41:03  Corruptor  
  137  41:04  Corruptor x2  
  133  41:25  Corruptor  
  122  41:58  Corruptor x2  
  120  42:15  Corruptor  
  118  42:37  Brood Lord  
  108  43:16  Hatchery  
  108  43:17  Extractor x2  
  101  43:25  Hatchery  
  99  43:57  Extractor  
  98  44:05  Corruptor x4, Extractor  
  93  44:53  Corruptor x3  
  99  45:03  Drone x2  
  99  45:04  Drone x12  
  109  45:18  Zergling x14  
  116  45:51  Brood Lord  
  118  46:00  Zergling x8  
  118  46:01  Zergling x22  
  133  46:20  Metabolic Boost  
  133  46:23  Brood Lord  
  135  46:43  Brood Lord  
  133  47:37  Extractor  
  133  47:40  Extractor  
  133  47:42  Extractor  
  119  47:45  Extractor  
  112  48:27  Extractor  
  112  48:32  Extractor  
  67  49:35  Hydralisk x15  
  67  49:36  Hydralisk x3  
  103  50:03  Hydralisk x5  
Tags
 
Add a new tag
Caveats
  • Supply blocks, unpowered buildings, or Contaminate may cause inaccurate times.
  • Supply counts are checked every 10 seconds.